Map: King's Cove LE

Players

Takker

  • Race: Protoss Protoss
  • League: Silver
  • Spawn Location: 11:00

Georg - Winner!

  • Race: Terran Terran
  • League: Silver
  • Spawn Location: 5:00

VOD

Have the link to the VOD?

Description

Time

  • Played on: May 26, 2019, 8:31 p.m.
  • Length: 6:25
Show
View Real Time Build Order
Export as new Build Order

Takker Protoss 

Build Orders:  

Get SALT Encoding   

  12  0:01  Probe  
  13  0:13  Probe  
  14  0:23  Probe, Pylon  
  15  0:38  Assimilator, Probe  
  16  0:48  Pylon  
  16  0:50  Probe  
  17  0:58  Pylon  
  17  1:02  Probe  
  18  1:11  Gateway  
  18  1:24  Forge  
  18  1:31  Probe  
  19  1:53  Pylon  
  19  1:58  Zealot  
  19  2:02  Assimilator  
  21  2:13  Cybernetics Core  
  21  2:16  Probe  
  21  2:19  Zealot  
  24  2:33  Gateway  
  24  2:34  Pylon  
  24  2:46  Zealot  
  26  2:56  Pylon  
  26  3:04  Zealot, Probe  
  27  3:16  Probe  
  30  3:23  Stalker  
  32  3:28  Probe  
  32  3:31  Zealot  
  35  3:41  Nexus  
  36  3:48  Probe  
  36  4:00  Probe  
  36  4:01  Sentry  
  37  4:04  Stalker  
  41  4:13  Assimilator  
  41  4:15  Assimilator  
  41  4:19  Probe  
  42  4:25  Warp Gate  
  42  4:31  Probe  
  39  4:57  Stalker x2  
  31  5:18  Probe  
  32  5:27  Stalker x2  
  36  5:30  Probe  
  31  6:24  Photon Cannon  
Show
View Real Time Build Order
Export as new Build Order

Georg Terran - Winner!

Build Orders:  

Get SALT Encoding   

  12  0:02  SCV  
  13  0:14  SCV  
  14  0:27  SCV  
  15  0:31  Supply Depot  
  15  0:42  Supply Depot  
  15  0:45  Supply Depot  
  15  1:08  Barracks  
  15  1:10  Refinery  
  15  1:12  SCV  
  16  1:25  Refinery  
  16  1:34  Supply Depot  
  16  1:37  SCV  
  17  1:50  SCV  
  18  2:02  SCV  
  18  2:06  Marine  
  20  2:15  Factory  
  20  2:24  Marine  
  21  2:32  SCV  
  22  2:41  Marine  
  22  2:43  Factory  
  23  2:59  Factory Tech Lab, Marine  
  24  3:08  Engineering Bay  
  24  3:16  Orbital Command  
  24  3:17  Marine  
  25  3:22  Siege Tank  
  28  3:35  Marine, Factory Tech Lab  
  29  3:53  Marine  
  29  3:55  Siege Tank  
  33  4:10  Marine  
  34  4:28  Marine  
  35  4:46  Marine  
  36  5:04  Marine  
  30  5:47  Siege Tank  
  30  5:48  Marine  
  33  6:06  Marine  
Tags
 
Add a new tag
Caveats
  • Supply blocks, unpowered buildings, or Contaminate may cause inaccurate times.
  • Supply counts are checked every 10 seconds.